PBL
NEW YORK YANKEES @ WASHINGTON NATIONALS
08/31/2070
 
TOP OF THE 1ST
New York Yankees batting - Pitching for Washington Nationals : LHP Dan Gallaghe
Pitching: LHP Dan Gallaghe
Batting: RHB José Guillén 0-0: Called Strike
0-1: Foul Ball, location: 7LSFF
0-2: Ball
1-2: Ball
2-2: Ground out 6-3 (Groundball, 6, EV 101.9 MPH)
Batting: SHB Tony Aponte 0-0: Ball
1-0: Called Strike
1-1: Foul Ball, location: 2F
1-2: DOUBLE (Line Drive, 9LM, EV 101.3 MPH)
Batting: SHB Tom Green 0-0: Called Strike
0-1: Swinging Strike
0-2: Strikes out swinging
Batting: RHB Matt Marples 0-0: Swinging Strike
0-1: Swinging Strike
0-2: Strikes out swinging
Top of the 1st over - 0 runs, 1 hit, 0 errors, 1 left on base; New York 0 - Washington 0
BOTTOM OF THE 1ST
Washington Nationals batting - Pitching for New York Yankees : RHP Seung-jin Kung
Pitching: RHP Seung-jin Kung
Batting: RHB Cisco Jiménez 0-0: Ground out 6-3 (Groundball, 6, EV 85.0 MPH)
Batting: LHB Gabriel Chacón 0-0: Called Strike
0-1: Swinging Strike
0-2: Ball
1-2: Ball
2-2: Strikes out swinging
Batting: RHB Francisco Lafrosia 0-0: Ball
1-0: Ball
2-0: Swinging Strike
2-1: Ground out 6-3 (Groundball, 6, EV 83.1 MPH)
Bottom of the 1st over - 0 runs, 0 hits, 0 errors, 0 left on base; New York 0 - Washington 0
TOP OF THE 2ND
New York Yankees batting - Pitching for Washington Nationals : LHP Dan Gallaghe
Batting: LHB Guillermo Rodríguez 0-0: Ball
1-0: Ball
2-0: Ball
3-0: Foul Ball, location: 2F
3-1: Base on Balls
Batting: RHB Bartolo Flores 0-0: Ball
1-0: Grounds into double play, 4-6-3 (Groundball, 13, EV 91.3 MPH)
Batting: RHB José Costello 0-0: Swinging Strike
0-1: Ball
1-1: Ball
2-1: Fly out, F9 (Flyball, 89M, EV 90.6 MPH)
Top of the 2nd over - 0 runs, 0 hits, 0 errors, 0 left on base; New York 0 - Washington 0
BOTTOM OF THE 2ND
Washington Nationals batting - Pitching for New York Yankees : RHP Seung-jin Kung
Batting: LHB Kyle Lynch 0-0: Fly out, F9 (Flyball, 9, EV 98.1 MPH)
Batting: RHB José Várquez 0-0: Called Strike
0-1: Ball
1-1: Called Strike
1-2: Strikes out looking
Batting: LHB Iemochi Sasaki 0-0: Foul Ball, location: 7LSF
0-1: Ball
1-1: Ball
2-1: Foul Ball, location: 25FF
2-2: Ball
3-2: DOUBLE (Line Drive, 3D, EV 100.0 MPH)
Batting: RHB Rusty Tucker 0-0: Called Strike
0-1: Ball
1-1: Ball
2-1: Ball
3-1: SINGLE (Line Drive, 6MD, EV 96.3 MPH)
Iemochi Sasaki to third
Runner from 3rd tries for Home, SAFE, throw by CF to home
Rusty Tucker to second
Batting: RHB Aureliano Cervantes 0-0: Ball
1-0: Ball
2-0: Foul Ball, location: 2F
2-1: Called Strike
2-2: Ball
3-2: Base on Balls
Batting: RHB James Cantwell 0-0: Foul Ball, location: 9LDF
0-1: Swinging Strike
0-2: Ball
1-2: Foul Ball, location: 3FF
1-2: Strikes out looking
Bottom of the 2nd over - 1 run, 2 hits, 0 errors, 2 left on base; New York 0 - Washington 1
TOP OF THE 3RD
New York Yankees batting - Pitching for Washington Nationals : LHP Dan Gallaghe
Batting: RHB Bogdan Pavelko 0-0: Ball
1-0: Called Strike
1-1: Foul Ball, location: 2F
1-2: Ball
2-2: Foul Ball, location: 2F
2-2: Ball
3-2: Foul Ball, location: 3FF
3-2: Strikes out looking
Batting: RHB Chris Anderson 0-0: Called Strike
0-1: Ball
1-1: Ball
2-1: Foul Ball, location: 5F
2-2: Strikes out swinging
Batting: RHB José Guillén 0-0: Ball
1-0: Swinging Strike
1-1: Foul Ball, location: 5DF
1-2: Foul Ball, location: 7LDF
1-2: DOUBLE (Flyball, 8RXD, EV 95.0 MPH)
Batting: SHB Tony Aponte 0-0: Ball
1-0: Ball
2-0: DOUBLE (Line Drive, 9LD, EV 110.6 MPH)
José Guillén scores
Batting: SHB Tom Green 0-0: Ball
1-0: Called Strike
1-1: Ball
2-1: Swinging Strike
2-2: Foul Ball, location: 9LMF
2-2: Strikes out swinging
Top of the 3rd over - 1 run, 2 hits, 0 errors, 1 left on base; New York 1 - Washington 1
BOTTOM OF THE 3RD
Washington Nationals batting - Pitching for New York Yankees : RHP Seung-jin Kung
Batting: RHB Cisco Jiménez 0-0: Ball
1-0: Ball
2-0: Called Strike
2-1: Swinging Strike
2-2: Foul Ball, location: 2F
2-2: Strikes out swinging
Batting: LHB Gabriel Chacón 0-0: Called Strike
0-1: Ball
1-1: Ball
2-1: Ball
3-1: Fly out, F9 (Flyball, 89M, EV 94.4 MPH)
Batting: RHB Francisco Lafrosia 0-0: Ball
1-0: Foul Ball, location: 23FF
1-1: Called Strike
1-2: Ball
2-2: Ball
3-2: Fly out, F3 (Popup, 23F, EV 83.8 MPH)
Bottom of the 3rd over - 0 runs, 0 hits, 0 errors, 0 left on base; New York 1 - Washington 1
TOP OF THE 4TH
New York Yankees batting - Pitching for Washington Nationals : LHP Dan Gallaghe
Batting: RHB Matt Marples 0-0: Ball
1-0: Ball
2-0: Called Strike
2-1: Swinging Strike
2-2: Ball
3-2: SOLO HOME RUN (Flyball, 7LD, EV 95.0 MPH), Distance : 343 ft
Batting: LHB Guillermo Rodríguez 0-0: Called Strike
0-1: Ball
1-1: Ball
2-1: DOUBLE (Flyball, 8LXD, EV 106.3 MPH)
Batting: RHB Bartolo Flores 0-0: Swinging Strike
0-1: Ball
1-1: SINGLE (Groundball, 6, EV 88.8 MPH)
Guillermo Rodríguez to third
Batting: RHB José Costello 0-0: Called Strike
0-1: Ball
1-1: Foul Ball, location: 23F
1-2: Ball
2-2: Strikes out swinging
Batting: RHB Bogdan Pavelko 0-0: Foul Ball, location: 3FF
0-1: Called Strike
0-2: Ball
1-2: Ball
2-2: Ball
3-2: Strikes out swinging
Batting: RHB Chris Anderson 0-0: Ball
1-0: Ground out U3 (Groundball, 3L, EV 86.9 MPH)
Top of the 4th over - 1 run, 3 hits, 0 errors, 2 left on base; New York 2 - Washington 1
BOTTOM OF THE 4TH
Washington Nationals batting - Pitching for New York Yankees : RHP Seung-jin Kung
Batting: LHB Kyle Lynch 0-0: Ball
1-0: Foul Ball, location: 2F
1-1: Called Strike
1-2: Strikes out looking
Batting: RHB José Várquez 0-0: Fly out, F3 (Popup, 3F, EV 74.4 MPH)
Batting: LHB Iemochi Sasaki 0-0: Ground out U3 (Groundball, 3, EV 95.6 MPH)
Bottom of the 4th over - 0 runs, 0 hits, 0 errors, 0 left on base; New York 2 - Washington 1
TOP OF THE 5TH
New York Yankees batting - Pitching for Washington Nationals : LHP Dan Gallaghe
Batting: RHB José Guillén 0-0: Called Strike
0-1: Ball
1-1: Foul Ball, location: 25F
1-2: Fly out, F7 (Flyball, 7S, EV 75.0 MPH)
Batting: SHB Tony Aponte 0-0: Ball
1-0: DOUBLE (Line Drive, 7LM, EV 100.0 MPH)
Batting: SHB Tom Green 0-0: Called Strike
0-1: Ground out 6-3 (Groundball, 6, EV 85.6 MPH)
Tony Aponte to third
Batting: RHB Matt Marples 0-0: Called Strike
0-1: Ball
1-1: 2-RUN HOME RUN (Flyball, 8RXD, EV 108.8 MPH), Distance : 429 ft
Batting: LHB Guillermo Rodríguez 0-0: Ball
1-0: Foul Ball, location: 23F
1-1: Called Strike
1-2: Foul Ball, location: 3F
1-2: Strikes out swinging
Top of the 5th over - 2 runs, 2 hits, 0 errors, 0 left on base; New York 4 - Washington 1
BOTTOM OF THE 5TH
Washington Nationals batting - Pitching for New York Yankees : RHP Seung-jin Kung
Batting: RHB Rusty Tucker 0-0: Called Strike
0-1: Swinging Strike
0-2: SINGLE (Line Drive, 8LS, EV 103.1 MPH)
Batting: RHB Aureliano Cervantes 0-0: Ball
1-0: Ball
2-0: Ball
3-0: Called Strike
3-1: Fly out, F5 (Popup, 56, EV 73.1 MPH)
Batting: RHB James Cantwell 0-0: Called Strike
0-1: Ball
1-1: Ball
2-1: Foul Ball, location: 9LMF
2-2: Foul Ball, location: 2F
2-2: Ball
3-2: Base on Balls
Rusty Tucker to second
Batting: RHB Cisco Jiménez 0-0: Ball
1-0: Fielders Choice at 2nd, 6-4 (Groundball, 56, EV 100.0 MPH)
Rusty Tucker to third
Batting: LHB Gabriel Chacón 0-0: Ball
1-0: Called Strike
1-1: Foul Ball, location: 2RF
1-2: Fly out, F8 (Flyball, 78D, EV 88.1 MPH)
Bottom of the 5th over - 0 runs, 1 hit, 0 errors, 2 left on base; New York 4 - Washington 1
TOP OF THE 6TH
New York Yankees batting - Pitching for Washington Nationals : LHP Dan Gallaghe
Pitching: RHP Luis López
Batting: RHB Bartolo Flores 0-0: Ball
1-0: SINGLE (Groundball, 4MD, EV 97.5 MPH)
Batting: RHB José Costello 0-0: Ground out 4-3 (Groundball, 34, EV 105.6 MPH)
Bartolo Flores to second
Batting: RHB Bogdan Pavelko 0-0: Swinging Strike
0-1: Ball
1-1: Foul Ball, location: 2F
1-2: Foul Ball, location: 25F
1-2: Ball
2-2: Ball
3-2: Strikes out swinging
Batting: RHB Chris Anderson 0-0: Ball
1-0: Ball
2-0: Called Strike
2-1: Ball
3-1: Called Strike
3-2: Fly out, F8 (Line Drive, 8RD, EV 88.1 MPH)
Top of the 6th over - 0 runs, 1 hit, 0 errors, 1 left on base; New York 4 - Washington 1
BOTTOM OF THE 6TH
Washington Nationals batting - Pitching for New York Yankees : RHP Seung-jin Kung
Pitching: LHP Dave Moser
Batting: RHB Francisco Lafrosia 0-0: Ball
1-0: Fly out, F6 (Popup, 6S, EV 82.5 MPH)
Pinch Hitting: RHB Logan O'Neill 0-0: Called Strike
0-1: Swinging Strike
0-2: Ball
1-2: Ground out 5-3 (Groundball, 56S, EV 83.1 MPH)
Batting: RHB José Várquez 0-0: Ball
1-0: Swinging Strike
1-1: Ball
2-1: DOUBLE (Flyball, 89XD, EV 101.3 MPH)
Batting: LHB Iemochi Sasaki 0-0: Foul Ball, location: 5F
0-1: Ball
1-1: Ball
2-1: Ball
3-1: Called Strike
3-2: Foul Ball, location: 2F
3-2: Base on Balls
Batting: RHB Rusty Tucker 0-0: Ball
1-0: SINGLE (Groundball, 4MD, EV 98.1 MPH)
José Várquez to third
Iemochi Sasaki to second
Runner from 3rd tries for Home, SAFE, throw by CF to home
Batting: RHB Aureliano Cervantes 0-0: Ball
1-0: Called Strike
1-1: Foul Ball, location: 9LMF
1-2: Foul Ball, location: 9LMF
1-2: Ball
2-2: Ground out 1-3 (Groundball, 13S, EV 60.6 MPH)
Bottom of the 6th over - 1 run, 2 hits, 0 errors, 2 left on base; New York 4 - Washington 2
TOP OF THE 7TH
New York Yankees batting - Pitching for Washington Nationals : RHP Luis López
Now in RF: Logan O'Neill
Batting: RHB José Guillén 0-0: Ball
1-0: Ball
2-0: Foul Ball, location: 2F
2-1: Swinging Strike
2-2: Strikes out looking
Batting: SHB Tony Aponte 0-0: Foul Ball, location: 3SF
0-1: Swinging Strike
0-2: Ball
1-2: Strikes out swinging
Batting: SHB Tom Green 0-0: Foul Ball, location: 2F
0-1: Foul Ball, location: 2F
0-2: Ball
1-2: Foul Ball, location: 23F
1-2: Fly out, F7 (Flyball, 7S, EV 91.3 MPH)
Top of the 7th over - 0 runs, 0 hits, 0 errors, 0 left on base; New York 4 - Washington 2
BOTTOM OF THE 7TH
Washington Nationals batting - Pitching for New York Yankees : LHP Dave Moser
Pitching: RHP Gordon Roberge
Batting: RHB James Cantwell 0-0: Called Strike
0-1: Ball
1-1: Foul Ball, location: 5DF
1-2: Foul Ball, location: 2F
1-2: Foul Ball, location: 5FF
1-2: Foul Ball, location: 2F
1-2: Ground out 6-3 (Groundball, 6, EV 93.1 MPH)
Batting: RHB Cisco Jiménez 0-0: Called Strike
0-1: Ball
1-1: Foul Ball, location: 2F
1-2: Foul Ball, location: 3DF
1-2: Foul Ball, location: 9LMF
1-2: Ground out 6-3 (Groundball, 6MD, EV 104.4 MPH)
Batting: LHB Gabriel Chacón 0-0: Ground out 6-3 (Groundball, 6, EV 90.0 MPH)
Bottom of the 7th over - 0 runs, 0 hits, 0 errors, 0 left on base; New York 4 - Washington 2
TOP OF THE 8TH
New York Yankees batting - Pitching for Washington Nationals : RHP Luis López
Pitching: LHP Jeffery Paige
Batting: RHB Matt Marples 0-0: Ball
1-0: Ball
2-0: Ball
3-0: Base on Balls
Batting: LHB Guillermo Rodríguez 0-0: Ball
1-0: Grounds into double play, 4-6-3 (Groundball, 4, EV 80.0 MPH)
Batting: RHB Bartolo Flores 0-0: Called Strike
0-1: Ball
1-1: Called Strike
1-2: SINGLE (Groundball, 34D, EV 103.1 MPH)
Batting: RHB José Costello 0-0: Ball
1-0: Foul Ball, location: 2LF
1-1: Fly out, F8 (Line Drive, 8RD, EV 95.0 MPH)
Top of the 8th over - 0 runs, 1 hit, 0 errors, 1 left on base; New York 4 - Washington 2
BOTTOM OF THE 8TH
Washington Nationals batting - Pitching for New York Yankees : RHP Gordon Roberge
Now in LF: Dave Welch
Batting: RHB Francisco Lafrosia 0-0: Called Strike
0-1: Fly out, F8 (Flyball, 8RXD, EV 80.6 MPH)
Batting: RHB Logan O'Neill 0-0: Ball
1-0: Ground out U3 (Groundball, 34S, EV 88.1 MPH)
Batting: RHB José Várquez 0-0: Foul Ball, location: 9LSF
0-1: Swinging Strike
0-2: Ball
1-2: Fly out, F3 (Popup, 3SF, EV 71.3 MPH)
Bottom of the 8th over - 0 runs, 0 hits, 0 errors, 0 left on base; New York 4 - Washington 2
TOP OF THE 9TH
New York Yankees batting - Pitching for Washington Nationals : LHP Jeffery Paige
Batting: RHB Bogdan Pavelko 0-0: Called Strike
0-1: Ball
1-1: Ball
2-1: Called Strike
2-2: Ball
3-2: Strikes out looking
Batting: RHB Chris Anderson 0-0: Foul Ball, location: 25F
0-1: Ball
1-1: Ball
2-1: Foul Ball, location: 2F
2-2: Strikes out looking
Batting: RHB José Guillén 0-0: Called Strike
0-1: Foul Ball, location: 5DF
0-2: Foul Ball, location: 5F
0-2: Foul Ball, location: 3F
0-2: Ball
1-2: Ball
2-2: Ball
3-2: DOUBLE (Line Drive, 8LXD, EV 106.9 MPH)
Batting: SHB Tony Aponte 0-0: Ground out 5-3 (Groundball, 56, EV 108.8 MPH)
Top of the 9th over - 0 runs, 1 hit, 0 errors, 1 left on base; New York 4 - Washington 2
BOTTOM OF THE 9TH
Washington Nationals batting - Pitching for New York Yankees : RHP Gordon Roberge
Pitching: LHP Guillermo Rodríguez
Pinch Hitting: RHB Shao-qi Ng 0-0: Ball
1-0: Foul Ball, location: 2F
1-1: SINGLE (Line Drive, 8RS, EV 93.8 MPH)
Batting: RHB Rusty Tucker 0-0: Called Strike
0-1: Called Strike
0-2: Strikes out looking
Batting: RHB Aureliano Cervantes 0-0: Foul Ball, location: 7LDF
0-1: Fielders Choice at 2nd, 6-4 (Groundball, 6MD, EV 96.9 MPH)
Batting: RHB James Cantwell 0-0: Called Strike
0-1: Ball
1-1: Ball
Wild Pitch!
Aureliano Cervantes to second
2-1: Foul Ball, location: 5SF
2-2: Ball
3-2: Foul Ball, location: 25FF
3-2: SINGLE (Groundball, 6MD, EV 96.3 MPH)
Aureliano Cervantes to third
Batting: RHB Cisco Jiménez 0-0: Called Strike
0-1: Swinging Strike
0-2: Ball
1-2: Strikes out looking
Bottom of the 9th over - 0 runs, 2 hits, 0 errors, 2 left on base; New York 4 - Washington 2
Wednesday, February 14th , 2024 - OOTP Baseball 24.10 Build 82